 Dungeon Crawl Stone Soup version 0.25-a0-404-gc1b5a34292 (webtiles) character file.

Game seed: 8073107913167132945, levelgen mode: deterministic

151 Jerej03 the Chiller (level 5, 0/18 HPs)
             Began as a Felid Ice Elementalist on Jan 11, 2020.
             Succumbed to a worker ant's poison
             ... on level 4 of the Dungeon.
             The game lasted 00:18:09 (2637 turns).

Jerej03 the Chiller (Felid Ice Elementalist)        Turns: 2637, Time: 00:18:10

Health: 0/18       AC:  1    Str:  5    XL:     5   Next: 10%
Magic:  4/11       EV: 35    Int: 16    God:
Gold:   73         SH:  0    Dex: 17    Spells: 1/10 levels left
                                        Lives:  0   Deaths: 1

rFire    . . .     SeeInvis +   (weapon unavailable)
rCold    . . .     Gourm    .   (shield unavailable)
rNeg     . . .     Faith    .   (armour unavailable)
rPois    .         Spirit   .   (helmet unavailable)
rElec    .         Reflect  .   (cloak unavailable)
rCorr    .         Harm     .   (gloves unavailable)
MR       .....                  (boots unavailable)
Stlth    +++.......             j - amulet of the acrobat
HPRegen  0.06/turn              (no ring)
MPRegen  0.12/turn              (no ring)

@: lethally poisoned (0 -> -6), acrobat, very slightly contaminated, quick
A: very small, no armour, no weapons or thrown items, stealth, claws 1, fangs 3,
repulsion field 1, see invisible, carnivore, deterioration 1, speed 1, frail 1,
shaggy fur 1, slow metabolism 1, sharp paws
a: no special abilities


You were on level 4 of the Dungeon.
You were completely stuffed.

You visited 1 branch of the dungeon, and saw 4 of its levels.

You collected 73 gold pieces.

Inventory:

Jewellery
 j - an amulet of the acrobat (around neck)
Wands
 c - a wand of paralysis (7)
Scrolls
 a - a scroll of teleportation
 h - 2 scrolls of blinking
 i - a scroll of immolation
 k - a scroll of fear
Potions
 d - a potion of flight
 e - a potion of haste
Comestibles
 b - 3 rations
 f - a chunk of flesh


   Skills:
 + Level 2.9 Dodging
 * Level 4.1 Stealth
 + Level 0.5 Unarmed Combat
 + Level 3.3 Spellcasting
 + Level 4.9 Ice Magic


You had one spell level left.
You knew the following spells:

 Your Spells              Type           Power        Failure   Level  Hunger
a - Freeze                Ice            ###.         2%          1    None
b - Summon Ice Beast      Ice/Summ       ##......     54%         4    ####...
c - Hailstorm             Conj/Ice       ##......     54%         4    ####...

Your spell library contained the following spells:

 Spells                   Type           Power        Failure   Level  Hunger
 Ozocubu's Armour         Chrm/Ice       ##......     21%         3    ###....


Dungeon Overview and Level Annotations

Branches:
Dungeon (4/15)
 Temple: D:4-7

Altars:
Makhleb
Uskayaw
The Shining One

Annotations:
D:3 2 transporters


Innate Abilities, Weirdness & Mutations

You cannot wear armour.
You are incapable of wielding weapons or throwing items.
Your paws allow you to move quietly. (Stealth)
You have sharp claws.
You have razor-sharp teeth.
You have supernaturally acute eyesight. (SInv)
You are carnivorous and can eat meat at any time.
You cover ground quickly.
You are covered in fur. (AC +1)
You have a slow metabolism.
Your sharp claws are effective at attacking unaware monsters.
You are surrounded by a mild repulsion field. (EV +2)
Your body sometimes deteriorates upon taking damage.
You are frail. (-10% HP)


Message History

You kill the worker ant!
You have reached level 5!
You feel agile.
* * * LOW HITPOINT WARNING * * *
You feel sick.
Okay, then.
As you read the scroll labeled PESHAB OTODEO, it crumbles to dust.
You hear a loud clanging noise!
It was a scroll of noise.
* * * LOW HITPOINT WARNING * * *
You feel sick.
You hear an angry hiss. x3; You hear a shout!
* * * LOW HITPOINT WARNING * * *
You feel sick.
* * * LOW HITPOINT WARNING * * *
You feel sick.
* * * LOW HITPOINT WARNING * * *
You feel sick.
There is a lethal amount of poison in your body!
You die...

. ###.# ..
###########...#
..##.........#.####
..................
#.........#.#...
#....†....#.#...
#.........#.# ..
#########.........#.#
..
.......@..........#.#
.
..................#.#
.
..................#.#
..................#
..................#
..........#####.###
..........# #.#
........... #


There were no monsters in sight!

Vanquished Creatures
  An iguana (D:2)
  2 worker ants
  Robin (D:2)
  5 adders
  An ooze (D:3)
  A dart slug (D:3)
  3 leopard geckos
  3 giant cockroaches
  12 goblins
  8 hobgoblins
  4 kobolds
  2 quokkas
  A ball python (D:2)
  3 bats
  6 frilled lizards
  5 rats
58 creatures vanquished.

Vanquished Creatures (others)
  A plant (D:3)
1 creature vanquished.

Grand Total: 59 creatures vanquished

Notes
Turn   | Place    | Note
-------+----------+-------------------------------------------
     0 | D:1      | Jerej03 the Felid Ice Elementalist began the quest for the
                  | Orb.
     0 | D:1      | Reached XP level 1. HP: 7/7 MP: 4/4
     6 | D:1      | Gained mutation: You are frail. (-10% HP) [potion of
                  | mutation]
     6 | D:1      | Gained mutation: Your body sometimes deteriorates upon
                  | taking damage. [potion of mutation]
     6 | D:1      | Gained mutation: You are surrounded by a mild repulsion
                  | field. (EV +2) [potion of mutation]
   167 | D:1      | Reached XP level 2. HP: 9/9 MP: 4/6
   373 | D:2      | Reached XP level 3. HP: 11/12 MP: 3/7
   550 | D:2      | Found a hide-covered altar of Uskayaw.
   550 | D:2      | Found a glowing golden altar of the Shining One.
   669 | D:2      | Noticed Robin
   701 | D:2      | Reached XP level 4. HP: 13/16 MP: 2/8
   723 | D:2      | Slain by a hobgoblin
   724 | D:2      | Reached XP level 3. HP: -4/12 MP: 0/7
   762 | D:2      | Killed Robin
  1530 | D:3      | Reached XP level 4. HP: 16/16 MP: 4/9
  1543 | D:3      | Learned a level 4 spell: Summon Ice Beast
  1548 | D:3      | Learned a level 4 spell: Hailstorm
  1689 | D:3      | Found a transporter.
  1695 | D:3      | Found a transporter.
  2277 | D:3      | Found a burning altar of Makhleb.
  2627 | D:4      | Reached XP level 5. HP: 5/18 MP: 3/11
  2637 | D:4      | Succumbed to a worker ant's poison

Levels and vault maps discovered:
D:1:      dpeg_arrival_simpleton_c, layout_rooms
D:2:      layout_basic, gammafunk_temple_overflow_pools, uniq_robin
D:3:      layout_basic, marbit_many_paths, serial_forest,
          infiniplex_forest_diagonal, infiniplex_forest_end_2,
          infiniplex_forest_clump_curved, infiniplex_forest_lined_3_way,
          infiniplex_forest_lined_3, infiniplex_forest_clump_tiny,
          infiniplex_forest_pool, gammafunk_ghost_gnarly_gnolls
D:4:      layout_basic, kennysheep_little_box, lemuel_round_altar,
          minmay_temple_entry_hall

Skill      XL: |  1  2  3  4 |
---------------+-------------+-----
Ice Magic      | 4 |  4.9
Stealth        | 3 4 |  4.1
Spellcasting   | 3 |  3.3
Dodging        | |  2.9
Unarmed Combat | |  0.5

Action                   |  1- 3 |  4- 6 || total
-------------------------+-------+-------++-------
Melee: Unarmed           |    17 |   129 ||   146
       Bite              |     2 |    21 ||    23
       Punch             |       |     1 ||     1
 Cast: Freeze            |    51 |    25 ||    76
  Use: Potion            |     6 |     3 ||     9
       Scroll            |     5 |     5 ||    10
 Stab: Sleeping          |     6 |     8 ||    14
  Eat: Chunk             |    14 |     1 ||    15
       Ration            |       |     1 ||     1
Armor: Skin              |     2 |     2 ||     4
Dodge: Dodged            |    45 |    20 ||    65

Table legend:
 A = Non-vault XP
 B = Vault XP
 C = Vault XP percentage of total XP
 D = Non-vault monster count
 E = Vault monster count
 F = Vault count percentage of total count
                 A         B        C        D         E       F
            +---------+---------+-------+---------+---------+-------
      Total |     232 |      43 |  15.6 |      45 |      13 |  22.4
            +---------+---------+-------+---------+---------+-------
        D:1 |      21 |       0 |   0.0 |      13 |       0 |   0.0
        D:2 |      87 |      36 |  29.3 |      13 |      12 |  48.0
        D:3 |      84 |       7 |   7.7 |      15 |       1 |   6.2
        D:4 |      40 |       0 |   0.0 |       4 |       0 |   0.0
            +---------+---------+-------+---------+---------+-------
